 Dungeon Crawl Stone Soup version 0.24.0-37-gcf1ca852f1 (webtiles) character file.

Game seed: 5850133042131956869, levelgen mode: deterministic

134 Gruesph the Archer (level 4, 0/36 HPs)
             Began as a Centaur Hunter on Nov 23, 2019.
             Slain by a centaur (2 damage)
             ... on level 3 of the Dungeon.
             The game lasted 00:09:29 (3586 turns).

Gruesph the Archer (Centaur Hunter)                 Turns: 3586, Time: 00:09:30

Health: 0/36       AC:  7    Str: 16    XL:     4   Next: 95%
Magic:  4/4        EV:  4    Int: 10    God:
Gold:   127        SH:  0    Dex:  9    Spells: 3/3 levels left

rFire    . . .     SeeInvis .   a - +1 shortbow
rCold    . . .     Gourm    .   (shield currently unavailable)
rNeg     . . .     Faith    .   i - +0 chain mail
rPois    .         Spirit   .   (no helmet)
rElec    .         Reflect  .   (no cloak)
rCorr    .         Harm     .   (no gloves)
MR       .....                  (no barding)
Stlth    ..........             (no amulet)
HPRegen  0.12/turn              (no ring)
MPRegen  0.09/turn              (no ring)

@: flying, very quick
A: large, hooves 3, deformed body, speed 2, tough skin 3
a: no special abilities


You were on level 3 of the Dungeon.
You were not hungry.

You visited 1 branch of the dungeon, and saw 3 of its levels.

You collected 127 gold pieces.

Inventory:

Hand Weapons
 a - a +1 shortbow (weapon)
 b - a +0 short sword
Missiles
 d - 46 arrows (quivered)
 k - 21 poisoned darts
Armour
 i - a +0 chain mail (worn)
Scrolls
 c - a scroll of fog {unknown}
 e - a scroll of fear {unknown}
 j - a scroll of amnesia {unknown}
 m - 4 scrolls of identify {unknown}
 p - a scroll of enchant armour {unknown}
 r - a scroll of noise {unknown}
 s - a scroll of remove curse {unknown}
Potions
 g - a potion of resistance {unknown}
 h - 2 potions of curing {unknown}
 l - a potion of lignification {unknown}
 n - a potion of might {unknown}
 o - a potion of degeneration {unknown}
Comestibles
 f - 3 rations
 t - a chunk of flesh


   Skills:
 - Level 2.0 Fighting
 + Level 8.3 Bows
 - Level 1.3 Dodging
 - Level 0.4 Stealth


You had 3 spell levels left.
You didn't know any spells.
Your spell library was empty.

Dungeon Overview and Level Annotations

Branches:
Dungeon (3/15)

Altars:
Zin

Shops:
D:2 *


Innate Abilities, Weirdness & Mutations

You have hooves in place of feet.
Armour fits poorly on your strangely shaped body.
You cover ground very quickly.
You have extremely tough skin. (AC +3)


Message History

* * * LOW HITPOINT WARNING * * *
The centaur hits you.
* * * LOW HITPOINT WARNING * * *
Press: ? - help, v - describe, . - travel, g - get item
Here: a centaur (heavily wounded) 3 arrows.
The floor, spattered with blood.
Unknown command.
You aren't carrying any items that you can evoke.
Firing (i - inventory. (/) - cycle)
d - 47 arrows (quivered)
Press: ? - help, Shift-Dir - straight line, f/p - centaur
Aim: a centaur (heavily wounded)
You shoot an arrow. The arrow barely misses the centaur.
You hear a splash.
The centaur hits you.
* * * LOW HITPOINT WARNING * * *
It was a potion of flight.
You feel very buoyant.
You fly up into the air.
The centaur hits you.
You die...

.≈.≈..≈P.≈.≈≈≈≈≈≈≈≈≈≈
≈≈P≈≈P≈≈.(≈≈≈≈≈≈≈≈≈≈≈≈
≈≈≈≈≈≈≈≈≈≈≈≈≈≈≈≈≈≈≈≈≈
≈≈≈≈≈≈≈≈≈≈≈≈≈≈≈≈≈≈≈≈.
≈≈≈≈≈≈.≈....≈≈≈.≈Pc≈.
≈..≈≈.......≈.≈......
.......#.#........#.
.....#...#..<#.c#####.##.
########.#..(..(@(......#
#...........######.#.#
#.....####### #.....#
#.....# #.....# #.....#
#.....# #.....#


You could see a centaur.

Vanquished Creatures
  Crazy Yiuf (D:2)
  3 adders
  An ooze (D:3)
  A worm (D:2)
  4 dart slugs
  A leopard gecko (D:2)
  A ball python (D:1)
  8 bats
  3 giant cockroaches
  9 hobgoblins
  4 jackals
  4 frilled lizards (D:2)
  10 goblins
  7 kobolds
  6 rats
  A fungus (D:1)
64 creatures vanquished.

Notes
Turn   | Place    | Note
-------+----------+-------------------------------------------
     0 | D:1      | Gruesph the Centaur Hunter began the quest for the Orb.
     0 | D:1      | Reached XP level 1. HP: 17/17 MP: 1/1
   417 | D:1      | Reached skill level 6 in Bows
   417 | D:1      | Reached XP level 2. HP: 23/24 MP: 2/2
  1722 | D:2      | Reached XP level 3. HP: 29/29 MP: 3/3
  2110 | D:2      | Reached skill level 7 in Bows
  2574 | D:2      | Found Zin's Purification Station.
  2604 | D:2      | Found a glowing silver altar of Zin.
  2629 | D:2      | Reached XP level 4. HP: 36/36 MP: 4/4
  2700 | D:2      | Found a runed translucent door.
  2701 | D:2      | Noticed Crazy Yiuf
  2838 | D:2      | Killed Crazy Yiuf
  2906 | D:3      | Noticed a centaur
  3293 | D:3      | Reached skill level 8 in Bows
  3586 | D:3      | Slain by a centaur

Levels and vault maps discovered:
D:1:      dpeg_cavernosity, layout_basic, minmay_vboxes
D:2:      layout_loops_corners, zin_purify, first_ration,
          uniq_crazy_yiuf_cottage
D:3:      layout_basic, marbit_many_paths, chequers_big_river, uniq_sigmund

Skill      XL: |  1  2  3  4 |
---------------+-------------+-----
Bows           | 6 7 8 |  8.3
Fighting       | |  2.0
Dodging        | |  1.3
Stealth        | |  0.4

Action                   |  1- 3 |  4- 6 || total
-------------------------+-------+-------++-------
Melee: Short sword       |    78 |    12 ||    90
       Kick              |    22 |     2 ||    24
 Fire: Shortbow          |    79 |    53 ||   132
  Use: Potion            |       |     1 ||     1
  Eat: Ration            |     1 |       ||     1
       Chunk             |       |     3 ||     3
Armor: Chain mail        |    49 |    17 ||    66
       Leather armour    |     5 |       ||     5
Dodge: Dodged            |    26 |     9 ||    35
